 Dungeon Crawl Stone Soup version 0.29-a0-700-g2f1814c7b2 (webtiles) character file.

Game seed: 16817585784845750141

238 gobodom the Conjurer (level 5, -3/36 HPs)
             Began as a Demonspawn Conjurer on June 25, 2022.
             Slain by an ice beast (4 damage)
             ... on level 3 of the Dungeon.
             The game lasted 00:06:51 (2858 turns).

gobodom the Conjurer (Demonspawn Conjurer)          Turns: 2858, Time: 00:06:52

Health: -3/36      AC:  4    Str:  6 (9)  XL:     5   Next: 78%
Magic:  9/9        EV: 12    Int: 18 (19) God:
Gold:   186        SH:  0    Dex: 11 (12) Spells: 8/9 levels left

rFire   + . .      SeeInvis .   f - +0 dagger (venom)
rCold   + . .      Faith    .   (no shield)
rNeg    + . .      Spirit   .   a - +0 robe
rPois   +          Reflect  .   (no helmet)
rElec   +          Harm     .   o - +0 cloak
rCorr   +          Rampage  .   (no gloves)
Will    .....                   p - +0 pair of boots
Stlth   ++........              (no amulet)
HPRegen 0.12/turn               g - ring of positive energy
MPRegen 0.11/turn               (no ring)

@: resistant, weak-willed
A: claws 1, demonic guardian 1
a: no special abilities


You were on level 3 of the Dungeon.
You visited 1 branch of the dungeon, and saw 3 of its levels.

You collected 186 gold pieces.

Inventory:

Hand Weapons
 f - a +0 dagger of venom (weapon)
 s - a +2 vorpal scythe
Armour
 a - a +0 robe (worn)
 o - a +0 cloak (worn)
 p - a +0 pair of boots (worn)
Jewellery
 g - a ring of positive energy (left claw)
Scrolls
 d - a scroll of immolation
 h - a scroll of identify
 i - 2 scrolls of vulnerability
Potions
 b - a potion of magic
 e - 2 potions of flight
 l - a potion of curing
 n - a potion of degeneration
 r - a potion of lignification {unknown}


   Skills:
 + Level 0.5 Fighting
 + Level 1.1 Short Blades
 + Level 3.0 Dodging
 + Level 2.5 Stealth
 + Level 0.7 Unarmed Combat
 + Level 2.9 Spellcasting
 + Level 5.3 Conjurations


You had 8 spell levels left.
You knew the following spells:

 Your Spells              Type           Power      Damage    Failure   Level
a - Magic Dart            Conj           84%        1d7       1%          1

Your spell library contained the following spells:

 Spells                   Type           Power      Damage    Failure   Level
 Searing Ray              Conj           42%        2d6       2%          2
 Dazzling Flash           Conj/Hex       24%        N/A       17%         3
 Fulminant Prism          Conj/Hex       6%         3d7       50%         4
 Iskenderun's Mystic Bla  Conj/Tloc      12%        2d5       50%         4


Dungeon Overview and Level Annotations

Branches:
Dungeon (3/15)

Altars:

Shops:
D:3 [


Innate Abilities, Weirdness & Mutations

You have sharp fingernails.
A weak demonic guardian rushes to your aid.


Message History

The ice beast is attracted toward you.
Your iron imp hits the ufetubus!
The ufetubus dies!
The kobold is attracted toward you. The orc is attracted toward you.
The worm is attracted toward you. The ice beast is attracted toward you.
Your Dodging skill increases to level 3!
The kobold attacks as you move away! The kobold hits you but does no damage.
An adder comes into view.
The adder hisses angrily.
The worm is attracted toward you. The ice beast is attracted toward you.
The adder is attracted toward you. The kobold attacks as you move away!
The kobold misses you. The adder closely misses you.
The ice beast is attracted toward you. The adder attacks as you move away!
The adder closely misses you. The ice beast is attracted toward you.
The worm is attracted toward you. The adder attacks as you move away!
The adder bites you.
* * * LOW HITPOINT WARNING * * *
A jackal comes into view.
An orc comes into view. It is wielding a +0 hand axe.
The jackal is attracted toward you. The orc is attracted toward you.
You feel less attractive to monsters. The ice beast attacks as you move away!
The ice beast hits you but does no damage.
The jackal barks!
The orc shouts!
You hear a shout! x2
The adder misses you. The adder bites you.
* * * LOW HITPOINT WARNING * * *
A demonic guardian appears!
Found 3 scrolls labelled PAATISK FUAMUGU.
Your quasit misses the adder.
Your quasit completely misses the adder.
Your quasit barely misses the adder.
A jackal comes into view.
Your quasit bites the adder.
Your quasit claws the adder.
Your quasit barely misses the adder.
The adder closely misses you. The adder attacks as you move away!
The adder barely misses you. The ice beast attacks as you move away!
The ice beast hits you.
* * * LOW HITPOINT WARNING * * *
The ice beast freezes you. You resist.
You die...

.. ##.......§#
....#+#.#####.........#
......................#
# #....................#
#.#.............∩......#
#......................#
#........####...........
#.......Yo..w...........
#......@SKo..5..........
##......5#h..####..(...#
#.......#...# .......#
#.......#..... .......:
...#..?h##..............
.. #....##.............
. ................
................
§.........§.


You could see an ice beast (ally target), a worm, an adder (ally target), 2
orcs, 2 jackals, a kobold, a friendly iron imp (summoned) and a friendly quasit
(summoned).

Vanquished Creatures
  Sigmund (D:2)
  A gnoll (D:1)
  An adder (D:2)
  3 bats (D:1)
  An endoplasm (D:1)
  4 giant cockroaches
  2 goblins (D:1)
  4 hobgoblins
  2 kobolds
  3 quokkas
  A ball python (D:1)
  4 frilled lizards
  A rat (D:1)
28 creatures vanquished.

Vanquished Creatures (collateral kills)
  An adder (D:3)
  An ufetubus (D:3)
  2 orcs (D:3)
  A goblin (D:3)
5 creatures vanquished.

Grand Total: 33 creatures vanquished

Notes
Turn   | Place    | Note
-------+----------+-------------------------------------------
     0 | D:1      | gobodom the Demonspawn Conjurer began the quest for the
                  | Orb.
     0 | D:1      | Reached XP level 1. HP: 13/13 MP: 3/3
   494 | D:1      | Gained mutation: You have sharp fingernails. [demonic
                  | ancestry]
   494 | D:1      | Reached XP level 2. HP: 19/19 MP: 0/5
   638 | D:1      | Found a faded altar of an unknown god.
  1391 | D:1      | Gained mutation: A weak demonic guardian rushes to your
                  | aid. [demonic ancestry]
  1391 | D:1      | Reached XP level 3. HP: 24/24 MP: 3/6
  2271 | D:2      | Noticed Sigmund
  2290 | D:2      | HP: 1/24 [Sigmund/+2 vorpal scythe (2)]
  2291 | D:2      | Killed Sigmund
  2292 | D:2      | Reached skill level 1 in Short Blades
  2292 | D:2      | Reached skill level 5 in Conjurations
  2292 | D:2      | Reached XP level 4. HP: 1/31 MP: 1/8
  2292 | D:2      | Reached XP level 5. HP: 1/36 MP: 1/9
  2829 | D:3      | Noticed an ice beast
  2841 | D:3      | Found Riucw's Armour Shop.
  2858 | D:3      | HP: 1/36 [ice beast (2)]
  2858 | D:3      | Slain by an ice beast

Illustrated notes

Levels and vault maps discovered:
D:1:      eino_arrival_cavern_e, layout_basic, shapermc_ecumenical_altar_ellora,
          minmay_statues_item
D:2:      layout_loops_ring, uniq_sigmund
D:3:      layout_basic, serial_shops, shop, shop, shop, shop

Skill      XL: |  1  2  3  4  5 |
---------------+----------------+-----
Dodging        | 2 3 |  3.0
Short Blades   | 1 |  1.1
Stealth        | 2 |  2.5
Conjurations   | 5 |  5.3
Fighting       | |  0.5
Unarmed Combat | |  0.7
Spellcasting   | |  2.9

Action                   |  1- 3 |  4- 6 || total
-------------------------+-------+-------++-------
Melee: Unarmed           |    23 |       ||    23
       Dagger            |    21 |     6 ||    27
 Cast: Magic Dart        |    56 |     2 ||    58
  Use: Scroll            |       |     6 ||     6
       Potion            |       |     5 ||     5
Armor: Robe              |    21 |    12 ||    33
Dodge: Dodged            |    51 |    41 ||    92

Table legend: (Time is in decaauts)
 A = Elapsed time spent in this place.
 B = Non-inter-level travel time spent in this place.
 C = Inter-level travel time spent in this place.
 D = Time resting spent in this place.
 E = Time spent auto-exploring this place.
 F = Levels seen in this place.
 G = Mean time per level.
                   A        B        C        D        E       F      G
               +--------+--------+--------+--------+--------+-----+--------+
         Total |   2856 |   2856 |      0 |    284 |   2123 |   3 |  952.0 |
       Dungeon |   2856 |   2856 |      0 |    284 |   2123 |   3 |  952.0 |
               +--------+--------+--------+--------+--------+-----+--------+

Top non-repeatable levels by time:
     D:1: 1708 daAuts
     D:2: 1101 daAuts
     D:3: 46 daAuts
